 Dungeon Crawl Stone Soup version 0.15.2 (webtiles) character file.

107 Huymann the Magician (level 4, -5/28 HPs)
             Began as a High Elf Wizard on Feb 9, 2015.
             Killed by divine providence
             ... invoked by an orc priest
              (13 damage)
             ... on Level 3 of the Dungeon.
             The game lasted 00:14:35 (3323 turns).

Huymann the Magician (High Elf Wizard)              Turns: 3323, Time: 00:14:35

HP  -5/28        AC  2     Str  7      XL: 4   Next: 56%
MP   8/15        EV 12     Int 22      God:
Gold 174         SH  0     Dex 13      Spells:  3 memorised,  7 levels left

rFire  . . .     SeeInvis .     g - +0 dagger (flame)
rCold  . . .     Clarity  .     a - +0 robe
rNeg   . . .     rCorr    .     (no shield)
rPois  .         rRot     .     b - +0 hat
rElec  .         Spirit   .     (no cloak)
SustAb .         Warding  .     (no gloves)
rMut   .         Stasis   .     (no boots)
Gourm  .                        (no amulet)
MR     .....                    (no ring)
                                (no ring)

@: not resistant to hostile enchantments, unstealthy
A: no striking features
a: no special abilities


You were on level 3 of the Dungeon.
You were not hungry.

You visited 1 branch of the dungeon, and saw 3 of its levels.

You collected 174 gold pieces.

Inventory:

Hand weapons
 f - a +2 spear of venom
 g - a +0 dagger of flaming (weapon)
 j - a +0 short sword of draining
 n - a +3 dagger
Missiles
 m - 17 poisoned needles
Armour
 a - a +0 robe (worn)
 b - a +0 hat (worn)
Comestibles
 d - 2 bread rations
 u - 4 fruits
 v - 2 beef jerkies
 x - a chunk of giant cockroach flesh
Scrolls
 e - a scroll of identify
 k - a scroll of noise {unknown}
 o - a scroll of random uselessness {unknown}
 r - a scroll of recharging {unknown}
 s - a scroll of fear {unknown}
 t - 3 scrolls of remove curse
 w - a scroll of teleportation {unknown}
Potions
 h - a potion of degeneration {unknown}
 i - a potion of brilliance {unknown}
 l - a potion of curing
Books
 c - a book of Minor Magic

   Spells                             Type                      Level
   *Magic Dart                        Conjuration                  1
   *Blink                             Translocation                2
   *Call Imp                          Summoning                    2
   Repel Missiles                     Charms/Air                   2
   Slow                               Hexes                        2
   Conjure Flame                      Conjuration/Fire             3
   Mephitic Cloud                     Conjuration/Poison/Air       3


   Skills:
 * Level 1.1 Fighting
 * Level 1.4 Short Blades
 * Level 2.5 Dodging
 * Level 3.1 Stealth
 + Level 4.7 Spellcasting
 * Level 1.7 Conjurations
 + Level 1.1 Summonings
 + Level 1.1 Translocations


You had 7 spell levels left.
You knew the following spells:

 Your Spells              Type           Power        Failure   Level  Hunger
a - Magic Dart            Conj           ##..         8%          1    None
b - Blink                 Tloc           N/A          12%         2    None
c - Call Imp              Summ           ##......     12%         2    None


Dungeon Overview and Level Annotations

Branches:
Dungeon (3/15)

Altars:


Message History

The orc priest calls down the wrath of Beogh upon you.
Something smites you!
Ouch! That really hurt!
* * * LOW HITPOINT WARNING * * *
Your iron imp misses the jackal.
The jackal barely misses you.
Drink which item? (? for menu, Esc to quit)
You feel better.
Your shadow imp disappears in a puff of smoke!
The jackal barely misses you.
Your iron imp closely misses the jackal.
The jackal bites your iron imp but does no damage.
The orc priest closely misses you.
Your white imp gestures at the jackal.
The puff of frost hits the jackal.
You hit the orc priest but do no damage.
The jackal bites your iron imp but does no damage.
The jackal barely misses your white imp.
The orc priest mumbles some strange prayers to Beogh against you.
Something smites you!
You die...

#....##.#.#
####.#....####.# #
#...%.......# K ##
###..#...#### ...
.####.....#...##### ...
........### #.....# ..#
..#.....# ##.#.# ..#
..#.###.# #...o###.#
....###.######..@o$##.#
............<.5.5#....#
...........###.hh###..#####
..##.....).# #......5%....#
.###.......#
##.#####.)##).# ##
#.......# ### #....#..#
#.......# ##...##.#
#.......# ##...#.#
#.......# #.....[


You could see an orc priest, an orc, 2 jackals, a friendly iron imp and a
friendly white imp.

Vanquished Creatures
  3 adders
  2 worms
  3 giant geckos
  An ooze (D:1)
  2 orcs (D:3)
  2 giant cockroaches
  7 goblins
  3 hobgoblins
  A jackal (D:3)
  9 kobolds
  4 bats
  3 giant newts
  9 rats
49 creatures vanquished.

Vanquished Creatures (collateral kills)
  Ijyb (D:2)
  An adder (D:2)
  A worm (D:2)
  2 orcs (D:3)
  A giant cockroach (D:3)
  A jackal (D:3)
7 creatures vanquished.

Vanquished Creatures (others)
  A shadow imp (D:2)
1 creature vanquished.

Grand Total: 57 creatures vanquished

Notes
Turn   | Place    | Note
--------------------------------------------------------------
     0 | D:1      | Huymann, the High Elf Wizard, began the quest for the Orb.
     0 | D:1      | Reached XP level 1. HP: 11/11 MP: 5/5
   238 | D:1      | Reached skill level 4 in Spellcasting
   251 | D:1      | Reached XP level 2. HP: 12/17 MP: 1/8
  1625 | D:1      | Reached XP level 3. HP: 21/21 MP: 11/11
  1891 | D:2      | Learned a level 2 spell: Blink
  1894 | D:2      | Learned a level 2 spell: Call Imp
  2089 | D:2      | Noticed Ijyb
  2376 | D:2      | Reached skill level 1 in Short Blades
  2584 | D:2      | Reached XP level 4. HP: 22/27 MP: 15/15
  2835 | D:2      | Killed Ijyb
  2835 | D:2      | Reached skill level 1 in Fighting
  3053 | D:2      | Reached skill level 1 in Summonings
  3323 | D:3      | Killed from afar by an orc priest

Action                   |  1- 3 |  4- 6 || total
-------------------------+-------+-------++-------
Melee: Dagger            |    57 |    36 ||    93
 Cast: Magic Dart        |    64 |     8 ||    72
       Call Imp          |     5 |    11 ||    16
       Blink             |     1 |       ||     1
  Use: Scroll            |     2 |       ||     2
       Potion            |       |     1 ||     1
 Stab: Sleeping          |     5 |     2 ||     7
  Eat: Chunk             |     5 |     2 ||     7
